[Event "85th Tata Steel Challengers 2023"]
[Site "Wijk aan Zee"]
[Date "2023.01.18"]
[Round "5.5"]
[White "Warmerdam, Max"]
[Black "Mishra, Abhimanyu"]
[Result "1/2-1/2"]
[ECO "D30"]
[WhiteElo "2616"]
[BlackElo "2559"]
[Annotator "TA"]
[PlyCount "69"]
[EventDate "2023.01.10"]
[EventType "tourn"]
[EventCountry "NED"]
[SourceTitle "playchess.com"]
[Source "ChessBase"]
[SourceQuality "1"]
[TimeControl "40/6000+30:30/3000+30:900+30"]

1. d4 d5 2. c4 c6 3. Nf3 Nf6 4. e3 e6 5. b3 c5 6. Bb2 {[%emt 0:00:08] D30: Queen's Gambit Declined: Systems without Nc3.} cxd4 7. Nxd4 e5 8. Nf3 {[%emt 0:00:07] White is slightly better.} Nc6 9. cxd5 Nxd5 10. a3 f6 {[%emt 0:07:40] [#]} 11. Nbd2 $146 ({Predecessor:} 11. Bd3 Be6 12. O-O Qd7 13. Qe2 Qf7 14. Nbd2 Be7 15. Rac1 O-O 16. b4 a5 17. b5 {½-½ Andersen,R (2237)-Slawinski,T (2369) W-ch38 prel12 email 2014}) 11... Be6 12. Qb1 Qd7 13. b4 Rd8 14. Be2 Be7 15. O-O O-O 16. Rd1 Qe8 17. Bd3 Kh8 18. Nh4 g6 19. Nhf3 (19. Bxg6 {is interesting.} hxg6 20. Nxg6+ Kg7 21. Nxf8 Bxf8 22. Nf1) 19... Nb6 20. b5 Na5 21. Bc3 Nac4 22. Nxc4 Nxc4 23. Bb4 Qf7 24. Be2 Rc8 25. Nd2 Nb6 26. Ne4 Nd5 27. Qb2 Rfd8 28. h3 b6 29. Bg4 Nxb4 $1 {[%emt 0:02:19] The position is equal.} 30. axb4 Bxg4 31. hxg4 Rxd1+ 32. Rxd1 Qe6 33. f3 Rc7 34. Nc3 Rd7 {[%emt 0:01:50] Dodges Nd5} 35. Rxd7 {[%emt 0:00:11] Weighted Error Value: White=0.07 (flawless) /Black=0.04 (flawless)} 1/2-1/2

[Event "85th Tata Steel Challengers 2023"]
[Site "Wijk aan Zee"]
[Date "2023.01.18"]
[Round "5.6"]
[White "Beerdsen, Thomas"]
[Black "Roebers, Eline"]
[Result "1-0"]
[ECO "C15"]
[WhiteElo "2515"]
[BlackElo "2361"]
[Annotator "TA"]
[PlyCount "65"]
[EventDate "2023.01.10"]
[EventType "tourn"]
[EventCountry "NED"]
[SourceTitle "playchess.com"]
[Source "ChessBase"]
[SourceQuality "1"]
[TimeControl "40/6000+30:30/3000+30:900+30"]

1. e4 e6 2. d4 d5 3. Nc3 Bb4 4. Bd2 dxe4 5. Qg4 Nf6 6. Qxg7 Rg8 7. Qh6 Qxd4 8. O-O-O Bf8 9. Qh4 {[%emt 0:18:31] C15: French: 3 Nc3 Bb4: Unusual White 4th moves.} Rg4 {[%emt 0:04:12] Wards off Bg5} 10. Qh3 Qxf2 {[%emt 0:00:47] [#]} 11. g3 $146 {[%emt 0:24:21] Inhibits Rh4.} (11. Be3 $11 Qh4 12. g3 Qxh3 13. Nxh3) ({Predecessor:} 11. Nb5 Na6 12. Be2 Rg6 13. g4 Qb6 14. Nc3 h6 15. Na4 Qc6 16. Nc3 Nb4 17. a3 {1-0 Bernadskiy,V (2589)-Short,N (2633) Cattolica Vergani Cup 2022 (9)}) 11... Qc5 $17 12. Bg2 (12. Kb1 $17 {is a better defense.}) 12... e3 $19 13. Be1 Nc6 {[%emt 0:00:06][%cal Bb8c6,Bc6d4,Bd4e2][%mdl 32] aiming for ...e5.} 14. Nge2 Rc4 {[%emt 0:14:27] ...e5 would be deadly.} 15. g4 e5 ({Worse is} 15... Nxg4 16. Qxh7 Nf2 17. Rf1 $17) (15... Rxg4 $2 16. Rf1 $18) 16. Qf3 (16. Nd5 $17 Rxc2+ 17. Kb1) 16... Be7 $1 ({Weaker is} 16... Bxg4 17. Qxf6 Bxe2 18. Rd5 $14) (16... Rxg4 17. Bh4 Rxh4 18. Qxf6 $16) 17. g5 (17. h3 {keeps fighting.} Nd4 18. Qf1) 17... Bg4 18. Qf1 {[%emt 0:02:12] [#]} Nd4 $1 19. Kb1 (19. Rxd4 exd4) 19... Nxe2 20. Nxe2 Rxc2 21. Bf3 Bf5 22. Bc6+ bxc6 23. Qxf5 Rxe2 24. gxf6 {[%emt 0:00:14] [#]} Bxf6 25. Rg1 {[%emt 0:01:31] [#]} (25. a3 a5) 25... Kf8 {[%emt 0:00:01] Inhibits Rg8+.} 26. Bc3 {[%emt 0:00:31] [#]} (26. Qxf6 $2 {leads to mate.} Qc2+ 27. Ka1 Qxd1#) 26... Rb8 $1 27. Ka1 Rf2 28. Qxh7 e2 $4 (28... Ke7 $19 29. Qh3 Rd2) 29. Qg8+ $40 {[%emt 0:00:28][%mdl 192] Skewer. White goes for the king.} Ke7 30. Qxb8 {[%emt 0:00:05] Threatening mate with Qd8+.} exd1=Q+ 31. Rxd1 {[%emt 0:00:05] Qd8+ would kill now.} Qd6 {[%emt 0:00:45][%cal Rd6d1] Inhibits Qd8+.} 32. Bb4 {[%emt 0:00:09][%mdl 64] Pin} c5 33. Bxc5 {[%emt 0:00:04][%mdl 64] Pin, Double Attack. A cool game by Beerdsen.   Weighted Error Value: White=0.27 (precise) /Black=0.37} 1-0

[Event "85th Tata Steel Challengers 2023"]
[Site "Wijk aan Zee"]
[Date "2023.01.18"]
[Round "5.7"]
[White "Vaishali, Rameshbabu"]
[Black "Adhiban, B.."]
[Result "1/2-1/2"]
[ECO "B36"]
[WhiteElo "2425"]
[BlackElo "2610"]
[Annotator "TA"]
[PlyCount "73"]
[EventDate "2023.01.10"]
[EventType "tourn"]
[EventCountry "NED"]
[SourceTitle "playchess.com"]
[Source "ChessBase"]
[SourceQuality "1"]
[TimeControl "40/6000+30:30/3000+30:900+30"]

1. e4 c5 2. Nf3 Nc6 3. d4 cxd4 4. Nxd4 g6 5. c4 Nf6 6. Nc3 d6 7. f3 Nxd4 8. Qxd4 Bg7 9. Be3 O-O 10. Qd2 Be6 11. Rc1 a6 {[%emt 0:00:42] B36: Sicilian: Maroczy Bind: Gurgenidze System.} 12. b3 $1 {[%emt 0:02:53] 12.b3 is better than 12.Be2.} Qc7 13. Be2 Rfc8 {[%emt 0:00:51][%cal Ob7b5] White is slightly better.} 14. O-O {[%emt 0:04:04] [#]} Qa5 $146 ({Predecessor:} 14... Qd7 15. Na4 Qc7 16. Nb6 Rab8 17. Nxc8 Rxc8 18. Qe1 Bd7 19. b4 Qb8 20. Qd2 b5 21. c5 {1-0 Balog,M-Weszelovszki,G Gyongyos Matra op 25th 2002 (4.30)}) 15. Rfd1 Nd7 16. Rc2 b5 17. Nd5 (17. Rdc1 $5 ) 17... Qxd2 {[%emt 0:00:21][%mdl 64] [#] Remove Defender} 18. Rcxd2 Bxd5 19. Rxd5 b4 20. f4 Nf6 21. Ra5 {[%emt 0:01:33] [#] Black must now prevent Bf3.} Nxe4 22. Bf3 f5 23. Bd4 (23. g4 $14) 23... Bh6 (23... Bxd4+ $11 24. Rxd4 Rc5 25. Rxc5 (25. Bxe4 fxe4 26. Rxc5 dxc5 $11) 25... dxc5) 24. g3 $14 {[%emt 0:03:44] White is more active.} e6 25. Re1 {[%emt 0:01:58] Repels d5} Kf7 26. Bxe4 fxe4 27. Rxe4 Rc6 28. Kf2 Bf8 29. Re2 Rd8 30. Rd2 Be7 31. Be3 Rb8 32. Kf3 h5 33. Ke4 Bd8 34. Ra4 Bf6 35. Kf3 Rb7 36. Ra5 Bd8 37. Ke4 $2 {[%emt 0:00:46][%mdl 40960] Weighted Error Value: White=0.11 (very precise) /Black=0.10 (very precise) . An unexpected result.} 1/2-1/2

[Event "85th Tata Steel Challengers 2023"]
[Site "Wijk aan Zee"]
[Date "2023.01.20"]
[Round "6.1"]
[White "Ivic, Velimir"]
[Black "Adhiban, B.."]
[Result "1/2-1/2"]
[ECO "E94"]
[WhiteElo "2585"]
[BlackElo "2610"]
[Annotator "TA"]
[PlyCount "128"]
[EventDate "2023.01.10"]
[EventType "tourn"]
[EventCountry "NED"]
[SourceTitle "playchess.com"]
[Source "ChessBase"]
[SourceQuality "1"]
[TimeControl "40/6000+30:30/3000+30:900+30"]

1. d4 Nf6 2. c4 g6 3. Nc3 Bg7 4. e4 d6 5. Nf3 O-O 6. Be2 e5 7. O-O exd4 8. Nxd4 Re8 9. f3 c6 10. Bg5 h6 11. Bh4 Nbd7 12. Kh1 Ne5 {[%emt 0:00:07] E94: King's Indian: Classical: 6 Be2 e5 7 0-0: Various Black 7th moves.} 13. Qc2 g5 14. Bf2 Nh5 {[%emt 0:00:06] White is slightly better.} 15. Rad1 Qf6 {[%emt 0:04:42] [#]} 16. g3 $146 ({Predecessor:} 16. Be3 Nf4 17. Rf2 Nxe2 18. Ncxe2 Be6 19. Nxe6 Qxe6 20. b3 g4 21. Nd4 Qg6 22. Nf5 {1-0 Tukmakov,V (2574)-Svendsen,T (2104) Basel Hilton op 02nd 2000 (1)}) 16... Bh3 {[%emt 0:11:26] Prevents Nf5.} 17. Rfe1 Ng4 (17... a6 $16 {is a better defense.}) 18. Bg1 $1 $18 Ne5 19. Nf5 $1 {[%emt 0:05:04][%mdl 64] Discovered Attack} (19. f4 $6 gxf4 20. Bxh5 fxg3 21. hxg3 Qg5 $16) 19... Bf8 {[%emt 0:02:59] [#]} (19... Qg6 {was necessary.} 20. Nxd6 (20. Rxd6 Bf6 $18) 20... Re6) 20. f4 $1 {[%emt 0:04:40][%mdl 576] Discovered Attack} Ng4 21. Bf1 $1 (21. Bd4 Qg6 $16) 21... Bxf1 22. Rxf1 {[%emt 0:00:06] And now h3 would win.} Qe6 23. b3 ({White should try} 23. Qe2 $18 Qxf5 24. exf5 Rxe2 25. Nxe2) 23... a6 (23... Ngf6 $16) 24. Qg2 (24. Qe2 $1 $18 Ngf6 25. fxg5 hxg5 26. Be3 (26. Bd4 Rac8 $18)) 24... b5 {[%emt 0:02:55] [#]} (24... Ngf6 $16 {was worth a try.}) 25. Nd4 $1 Qg6 26. Nxc6 gxf4 27. gxf4 bxc4 (27... Ngf6 $142 28. Qf3 (28. cxb5 Qxg2+ 29. Kxg2 axb5 $14) 28... Qg4 29. Qxg4+ (29. cxb5 Qxf3+ 30. Rxf3 axb5 $16) 29... Nxg4) 28. b4 $2 ({Less strong is} 28. bxc4 Rac8 $18) (28. Bd4 $18 {and White stays clearly on top.} Ne3 29. Bxe3 Qxg2+ 30. Kxg2) 28... Rac8 29. Nd4 Ngf6 30. Qf3 {[%emt 0:01:39] Rf2 is the strong threat.} Qg4 (30... Nxe4 $2 31. f5 Nhg3+ 32. hxg3 Nxg3+ 33. Kg2 Nxf5+ 34. Kh2 $18) 31. Qxg4+ Nxg4 32. Nf5 {[%emt 0:00:50][%mdl 64] Discovered Attack} Re6 {[%emt 0:06:49] [#]} (32... Ngf6 $16 {keeps fighting.}) 33. Bd4 (33. Kg2 $1 $18) 33... Kh7 {[%emt 0:06:50] Black is weak on the dark squares} ({Black should play} 33... Ngf6) 34. a4 {[%emt 0:01:35] aiming for b5.} Ngf6 35. e5 {[%emt 0:00:54] White is much more active.} Ng4 36. exd6 Bxd6 37. Rg1 Rg8 38. h3 {[%emt 0:00:29][%cal Bh2h3,Bh3g4][%mdl 32] Dancing on a razor blade.} Nxf4 39. Rxg4 (39. hxg4 {is more complex.} Bxb4 40. Be3 Rxe3 41. Nxe3 Bxc3 42. Rd7) 39... Rxg4 40. hxg4 {[%emt 0:00:02] b5 would be deadly.} Bxb4 41. Rf1 (41. Na2 $16 Ba5 42. Be3) 41... Bxc3 $14 42. Bxc3 ({Don't do} 42. Rxf4 Bd2 43. Rf3 Re4 $16) 42... Nd5 43. Rf3 Re4 44. Nd6 Rxg4 45. Rxf7+ Kg6 46. Rf3 h5 47. a5 Nxc3 48. Rxc3 {[%emt 0:00:02][%mdl 4096] Endgame KRN-KR} Rg5 49. Nxc4 Rc5 50. Kg2 Kf6 51. Kf3 Ke6 52. Re3+ Kd5 53. Nb6+ Kd4 54. Re4+ Kd3 55. Ra4 Rf5+ 56. Kg3 Kc3 57. Nd7 Kb3 58. Ra1 Kb2 59. Ra4 (59. Rh1 $5 ) 59... Kb3 {[%emt 0:00:05] The position is equal.} 60. Nb6 Kc3 61. Kg2 Kb3 62. Ra1 Kb4 63. Ra4+ Kb3 64. Kg3 Kc3 {[%emt 0:00:07] Black escapes into a draw.   Weighted Error Value: White=0.21 (precise) /Black=0.21 (precise)} 1/2-1/2

[Event "85th Tata Steel Challengers 2023"]
[Site "Wijk aan Zee"]
[Date "2023.01.20"]
[Round "6.2"]
[White "Pechac, Jergus"]
[Black "Vaishali, Rameshbabu"]
[Result "0-1"]
[ECO "D85"]
[WhiteElo "2637"]
[BlackElo "2425"]
[Annotator "TA"]
[PlyCount "81"]
[EventDate "2023.01.10"]
[EventType "tourn"]
[EventCountry "NED"]
[SourceTitle "playchess.com"]
[Source "ChessBase"]
[SourceQuality "1"]
[TimeControl "40/6000+30:30/3000+30:900+30"]

1. d4 Nf6 2. c4 g6 3. Nc3 d5 4. cxd5 Nxd5 5. e4 Nxc3 6. bxc3 Bg7 7. Be3 c5 8. Rc1 Qa5 9. Qd2 cxd4 10. cxd4 Qxd2+ 11. Bxd2 O-O {[%emt 0:00:14] D85: Exchange Grünfeld: Unusual White 7th moves and lines with 7 Nf3.} 12. Nf3 b6 13. Bd3 Ba6 {[%emt 0:03:02] White has an edge.} 14. Ke2 Rd8 15. Bxa6 $1 Nxa6 16. Rc4 {[%emt 0:00:18] [#]} Rac8 $146 ({Predecessor:} 16... Rd7 17. Rhc1 Rad8 18. a4 Kf8 19. h4 h6 20. Be3 Ke8 21. g4 Rb7 {1-0 Hammes,M (2332)-Goormachtigh,J (2184) EU-Cup 32nd Novi Sad 2016 (7.5)}) 17. Rhc1 Rxc4 18. Rxc4 e6 19. Bg5 f6 20. Be3 Rd7 21. Bf4 g5 22. Bg3 {[%emt 0:00:07] aiming for Ra4.} Bf8 {[%emt 0:06:28] [#]} 23. a3 $1 {[%emt 0:09:41] Hoping for Ra4.} Rb7 24. e5 (24. h4 $14) 24... g4 $11 25. Nd2 f5 26. Rc6 Kf7 27. Nc4 Nc7 $1 28. Nd6+ Bxd6 29. exd6 {[%emt 0:00:06][%mdl 4096] Endgame KRB-KRN} Nd5 30. Be5 Rb8 {[%emt 0:01:44] Dodges Rc8} (30... Ke8 $5 ) 31. h3 b5 32. Kd2 h5 33. Kc2 Ra8 {[%emt 0:10:17] The position is equal.} 34. Kb3 Ke8 35. Rc1 Kd7 36. Rh1 a5 37. a4 bxa4+ 38. Ka3 Rb8 {[%emt 0:00:40] [#] ( -> ...Nc3)} 39. Kxa4 Nb6+ 40. Kb5 Nc8+ 41. Kc5 $2 {[%emt 0:10:46][%mdl 8192] Weighted Error Value: White=0.07 (flawless) /Black=0.07 (flawless)} (41. Kxa5 $11 {and White has nothing to worry.} Nxd6 42. Ka4) 0-1

[Event "85th Tata Steel Challengers 2023"]
[Site "Wijk aan Zee"]
[Date "2023.01.20"]
[Round "6.3"]
[White "Supi, Luis Paulo"]
[Black "Sindarov, Javokhir"]
[Result "1/2-1/2"]
[ECO "C50"]
[WhiteElo "2608"]
[BlackElo "2654"]
[Annotator "TA"]
[PlyCount "84"]
[EventDate "2023.01.10"]
[EventType "tourn"]
[EventCountry "NED"]
[SourceTitle "playchess.com"]
[Source "ChessBase"]
[SourceQuality "1"]
[TimeControl "40/6000+30:30/3000+30:900+30"]

1. e4 e5 2. Nf3 Nc6 3. Bc4 Nf6 4. d3 Bc5 5. h3 O-O 6. Nc3 a6 {[%emt 0:02:12] seems to push 6...d6 aside. C50: Hungarian Defence and Giuoco Pianissimo.} 7. a4 d6 8. Bg5 h6 9. Bh4 {[%emt 0:00:14] [#]} Be6 $146 ({Predecessor:} 9... Re8 10. O-O Bd7 11. Nd5 Re6 12. Nxf6+ Rxf6 13. Bxf6 Qxf6 14. Nh2 Qg6 15. Qf3 Rf8 {1-0 Romanchenko,A-Ribeiro,M (1139) EU-ch Hybrid U10 Girls 2021 (6)}) 10. Nd5 g5 11. Nxf6+ (11. Nxg5 $5 hxg5 12. Bxg5 Bxd5 13. exd5 $11) 11... Qxf6 12. Bxe6 Qxe6 (12... gxh4 13. Bg4 $14) 13. Bg3 Ne7 14. h4 g4 15. Nd2 h5 16. O-O f5 17. exf5 Nxf5 18. Ne4 Ba7 {[%emt 0:00:19] White must now prevent ...d5.} 19. Kh2 d5 20. Ng5 Qf6 $36 {[%emt 0:00:04][%mdl 2048] Black is pushing.} 21. Qe2 Rae8 22. Rae1 c6 23. c4 (23. Bxe5 $2 Bb8 24. d4 (24. f4 $2 gxf3 25. Nxf3 Rxe5 $19) 24... Nxd4 $19) 23... Bd4 24. Qd1 Qd6 (24... Bxb2 $6 25. cxd5 Bd4 26. Ne4 $11) 25. cxd5 cxd5 (25... Qxd5 26. Re2 $11) 26. Qb3 Re7 27. Ne4 Qe6 28. Nc3 {[%emt 0:01:41] [#]} (28. Ng5 $17 {was called for.} Qd6 29. Rc1) 28... Ref7 $1 $19 29. Qd1 Nxg3 30. fxg3 Bf2 31. Rxf2 Rxf2 32. d4 e4 (32... Rxb2 33. Rxe5 Qf7 34. Qd3 $16) 33. Qb3 Qf7 {[%emt 0:00:47][%cal Of2g2] [#] ( -> ...Rxg2+!)} 34. Nd1 Rd2 ({Better is} 34... Rf6 $17 {...Rc8 would be deadly.} 35. Ne3 Rd8) 35. Qe3 $11 {[%emt 0:01:15] The position is equal.} Rc2 {[%emt 0:02:39] aiming for ...Kh7.} 36. Qg5+ $1 Kh7 {[%emt 0:00:06] Strongly threatening ...Qf5.} 37. Ne3 {[%emt 0:00:53][%csl LRc2,LRd5] Inhibits Qf5.} Rf2 (37... Rxb2 38. Rf1 Rf2 39. Rxf2 Qxf2 40. Qxh5+ (40. Nxd5 Qf5 $11) 40... Kg7 41. Qxg4+ (41. Nxg4 Qxd4 42. Ne5 b5 $11) 41... Kh8 42. Qh5+ (42. Nxd5 Qf5 $17) 42... Kg7 43. Qe5+ (43. Nxd5 Qf5 $19) 43... Kh7 44. Nxd5 $16) 38. Rc1 Rg8 ({Much less strong is} 38... Rxb2 39. Rf1 Rf2 40. Rxf2 Qxf2 41. Qxh5+ (41. Nxd5 Qf7 $15) 41... Kg7 42. Qxg4+ (42. Nxg4 Qxd4 43. Qh6+ Kf7 $11) 42... Kh6 43. Qg5+ (43. Nxd5 Qf5 $17) 43... Kh7 44. Qh5+ (44. Nxd5 Qf5 $16) 44... Kg7 45. Qe5+ (45. Nxd5 Qf5 $17) 45... Kh7 46. Nxd5 $16) 39. Qe5 {[%emt 0:00:44] And now Rc7 would win.} Re8 {[%emt 0:00:06] Repels Rc7} (39... Rxb2 $2 40. Rc7 $18) 40. Qg5 Rg8 (40... Rxb2 41. Rf1 Qg6 42. Qxd5 $18) 41. Qe5 Re8 {[%emt 0:25:35] Inhibits Rc7.} (41... Rxb2 $2 42. Rc7 $18) 42. Qg5 Rg8 {[%emt 0:02:35] And White is the lucky defender.   Weighted Error Value: White=0.08 (flawless) /Black=0.12 (very precise)} (42... Rxb2 $2 43. Rf1 Qg6 44. Qxd5 $18) 1/2-1/2

[Event "85th Tata Steel Challengers 2023"]
[Site "Wijk aan Zee"]
[Date "2023.01.20"]
[Round "6.4"]
[White "Roebers, Eline"]
[Black "Donchenko, Alexander"]
[Result "0-1"]
[ECO "B12"]
[WhiteElo "2361"]
[BlackElo "2627"]
[Annotator "TA"]
[PlyCount "54"]
[EventDate "2023.01.10"]
[EventType "tourn"]
[EventCountry "NED"]
[SourceTitle "playchess.com"]
[Source "ChessBase"]
[SourceQuality "1"]
[TimeControl "40/6000+30:30/3000+30:900+30"]

1. e4 c6 2. d4 d5 3. e5 Bf5 4. h4 h5 5. Bd3 Bxd3 6. Qxd3 {[%emt 0:00:05][%cal Oe5e6] And now e6! would win. B12: Caro-Kann: Advance Variation.} Qa5+ 7. b4 Qa6 {[%emt 0:02:28] Black is weak on the dark squares} 8. Qd1 {[%emt 0:00:48][%cal Oe5e6] The position is equal.} e6 9. c3 {[%emt 0:02:05] [#]} Qb6 $146 ({Predecessor:} 9... Ne7 10. Ne2 Nd7 11. a4 Nf5 12. Nd2 Be7 13. Nf3 b6 14. g3 c5 15. b5 Qb7 {1-0 Kramnik,V (2753)-Melkumyan,H (2645) Chess.com Rapid CGC KO 2022 (1.1)}) 10. Nd2 a5 11. bxa5 Qxa5 12. Rh3 Ne7 13. c4 Nf5 $17 (13... dxc4 $2 14. Ra3 Qxa3 15. Bxa3 Rxa3 16. Nxc4 $18) 14. c5 {[%emt 0:01:32] [#]} ({White should play} 14. Rb3) 14... Qc7 {[%emt 0:08:45] Black has more active pieces.} ({But not} 14... Nxd4 15. Ra3 $18) (14... Qb4 $1 $17 15. Ne2 Nxd4) 15. Bb2 Nd7 16. Rb3 Nxh4 17. Kf1 Be7 18. Rb1 Rxa2 19. Ne2 (19. Ndf3 $142) 19... Nf5 20. Ba3 Qa5 21. Bb4 Qa8 22. Rh3 (22. Kg1 $17) 22... g6 $19 23. Nf3 g5 {[%emt 0:05:06] Hoping for ...g4.} 24. Nc3 $2 (24. Nh2) 24... g4 {[%emt 0:02:00][%csl LRf3,LRh3] Black is clearly winning.} 25. Nxa2 Qxa2 26. Rh1 gxf3 27. gxf3 {[%emt 0:00:05] [#]} Nxd4 $1 {[%emt 0:01:16][%mdl 64] Deflection.   Weighted Error Value: White=0.90/Black=0.15 (very precise)} 0-1

[Event "85th Tata Steel Challengers 2023"]
[Site "Wijk aan Zee"]
[Date "2023.01.20"]
[Round "6.5"]
[White "Yilmaz, Mustafa"]
[Black "Beerdsen, Thomas"]
[Result "1/2-1/2"]
[ECO "D45"]
[WhiteElo "2609"]
[BlackElo "2515"]
[Annotator "TA"]
[PlyCount "55"]
[EventDate "2023.01.10"]
[EventType "tourn"]
[EventCountry "NED"]
[SourceTitle "playchess.com"]
[Source "ChessBase"]
[SourceQuality "1"]
[TimeControl "40/6000+30:30/3000+30:900+30"]

1. d4 d5 2. c4 c6 3. Nf3 Nf6 4. Nc3 e6 5. e3 Nbd7 6. Be2 Bd6 7. O-O O-O 8. b3 b6 9. Bb2 Bb7 10. Qc2 Qe7 11. a4 {[%emt 0:01:01] D45: Semi-Slav: 5 e3.} Rac8 12. a5 {[%emt 0:03:09] [#]} c5 $146 (12... Bb8 $11) ({Predecessor:} 12... Bb8 13. Rfc1 c5 14. a6 Ba8 15. cxd5 exd5 16. Qf5 Qe6 17. Bd3 g6 18. Qxe6 fxe6 {1-0 Narayanan,S (2647)-Sturt,R (2485) Yerevan op-A 3rd 2021 (4)}) 13. a6 ({Better is} 13. axb6 $16 axb6 14. Ra7) 13... Ba8 $11 14. Rfd1 Rfd8 15. Rac1 cxd4 16. exd4 dxc4 17. bxc4 Nf8 18. Nb5 Ng6 19. Qb3 Ne4 20. Nxd6 Qxd6 (20... Nxd6 $11 21. Bf1 Ne4) 21. Bf1 (21. c5 $16 bxc5 22. dxc5) 21... Qf4 $14 22. Qe3 Qf5 (22... Qxe3 $11 23. fxe3 Ne7) 23. Re1 (23. c5 $1 $16) 23... Qh5 24. Be2 Nd6 (24... Qg4 $14) 25. Ne5 $16 Qh4 {[%emt 0:00:21] [#]} 26. Nf3 (26. Bd3 $1 $16) 26... Qh5 (26... Qf6 $11 {keeps the balance.}) 27. Ne5 Qh4 {[%emt 0:00:04] [#]} 28. Nf3 {[%emt 0:00:08] Weighted Error Value: White=0.31/Black=0.28 (precise)} ({White should try} 28. Bd3 $1 $16) 1/2-1/2

[Event "85th Tata Steel Challengers 2023"]
[Site "Wijk aan Zee"]
[Date "2023.01.20"]
[Round "6.6"]
[White "Mishra, Abhimanyu"]
[Black "Tabatabaei, M. Amin"]
[Result "1/2-1/2"]
[ECO "D12"]
[WhiteElo "2559"]
[BlackElo "2686"]
[Annotator "TA"]
[PlyCount "157"]
[EventDate "2023.01.10"]
[EventType "tourn"]
[EventCountry "NED"]
[SourceTitle "playchess.com"]
[Source "ChessBase"]
[SourceQuality "1"]
[TimeControl "40/6000+30:30/3000+30:900+30"]

1. d4 d5 2. Nf3 Nf6 3. c4 c6 4. e3 Bf5 5. Nc3 e6 6. Nh4 Be4 7. f3 Bg6 {[%emt 0:00:07] D12: Slav Defence: 3 Nf3 Nf6 4 e3 Bf5.} 8. Bd2 Be7 $1 {[%emt 0:00:10] The main line 8...Be7 scores better than 8...Nbd7.} 9. Nxg6 hxg6 {[%emt 0:00:07] White is slightly better.} 10. Qc2 a5 11. cxd5 Nxd5 {[%emt 0:00:22] [#]} 12. Nxd5 $146 ({Predecessor:} 12. g3 Na6 13. a3 Nac7 14. Bg2 Rc8 15. Ne2 Nb5 16. e4 Nf6 17. Be3 O-O 18. Rd1 {1-0 Atalik,S (2436)-Gurel,E (2437) SRB-chT Premier 2022 (10.5)}) 12... Qxd5 13. Bc4 Qg5 14. g3 (14. O-O {feels hotter.} Nd7 15. e4 Qh4 16. h3) 14... Bb4 15. O-O-O Nd7 16. f4 Qe7 17. e4 Bxd2+ 18. Rxd2 Nb6 (18... g5 $5 ) 19. Be2 a4 20. h4 a3 21. b3 Nd7 22. Kb1 Rc8 23. Qd3 Qb4 24. Rc1 O-O 25. e5 {[%emt 0:06:11] Dodges Nf6} Rfd8 26. h5 Nf8 27. Qc3 (27. Rc4 $5 Qe7 28. hxg6 $14) 27... Qxc3 28. Rxc3 gxh5 29. Bxh5 Nd7 30. Kc2 Nb6 {[%emt 0:00:38] aiming for ...Nd5.} 31. Bf3 Na8 32. b4 Nc7 $1 (32... Nb6 33. Rdd3 $16) 33. Be2 Nd5 34. Rb3 Ra8 35. Bf3 Nc7 36. Kd3 Ra4 37. Ke3 Rda8 38. Rdd3 R8a6 39. Be4 Kf8 40. g4 g6 41. Rdc3 Ke7 42. Kd3 Ra8 43. Rc1 Rh8 {[%emt 0:10:01] White must now prevent ...Rh2.} 44. Rh1 {[%emt 0:00:22] Wards off Rh2} Rxh1 45. Bxh1 $11 {[%emt 0:00:08][%mdl 4096] Endgame KRB-KRN} Ra8 46. Bg2 Nb5 47. Kc4 g5 48. fxg5 $14 Rd8 49. Rd3 Rg8 50. Kc5 {[%emt 0:02:54] Threatens to win with Kb6.} Rxg5 $2 {[%emt 0:00:02] [#]} (50... Rh8 $1 $14) 51. Bxc6 $1 $18 {[%emt 0:02:15][%mdl 576] Double Attack} Nd6 {[%emt 0:04:12] [#]} (51... bxc6 52. Kxc6 Na7+ 53. Kb7 $16) 52. Bd5 $1 {[%emt 0:03:55][%cal Oc5b6][%mdl 512] Strongly threatening Kb6!} Kd7 (52... f6 53. Re3) 53. Rxa3 {[%emt 0:07:41][%cal Oa3a7] Ra7! would be deadly.} (53. exd6 Rxd5+ 54. Kb6 Kc8 $16) 53... b6+ 54. Kxb6 Nc8+ 55. Kc5 exd5 {[%emt 0:00:02] KRN-KR} 56. Rf3 Ne7 57. Rxf7 (57. Rf6 $18 {and White stays clearly on top.}) 57... Rg8 $16 {[%emt 0:00:04] [#]} 58. Rf6 {[%emt 0:00:59] White is more active.} (58. g5 $1 $16) 58... Rxg4 $2 (58... Rc8+ $14 59. Kb5 Rc4) 59. Rd6+ Kc8 60. a4 Rg1 61. b5 Rc1+ $2 (61... Ra1 62. Ra6 Kb7) 62. Kb6 $18 Rc4 63. a5 Kb8 64. Rd8+ Nc8+ 65. Ka6 Rxd4 66. e6 $2 (66. b6 Rb4 67. e6 Re4 68. Rxc8+ {[%mdl 64] Deflection} (68. Rxd5 Rxe6 69. Rh5 Nd6 $11) 68... Kxc8 69. Ka7 Rb4 70. a6 Kd8 71. b7) 66... Re4 $14 67. Re8 {[%emt 0:00:09][%mdl 1024] White threatens b6 and mate. White has compensation.} Re1 $2 (67... Rg4 $14) 68. b6 Rb1 69. Rd8 Re1 70. Re8 ({And not} 70. Rxd5 Rxe6 71. Rd8 Rf6 $11) 70... Rb1 71. Rf8 Re1 {[%emt 0:14:39] [#]} 72. Rf6 $2 (72. Rxc8+ $1 {mates} Kxc8 73. Ka7 Rb1 74. a6 Kd8 75. b7 d4 76. Ka8 (76. b8=R+ Rxb8 77. Kxb8 d3 $11) 76... Rg1 77. b8=Q+ (77. b8=R+ Ke7 $14) 77... Ke7 78. a7 Kxe6 79. Qb5) 72... d4 $11 {[%emt 0:01:25] The position is equal.} 73. b7 d3 74. bxc8=Q+ Kxc8 75. Rf8+ Kc7 76. Rf7+ Kc8 77. Rf8+ Kc7 {[%emt 0:00:03][%cal Od3d2] ( -> ...d2!)} 78. Rf7+ Kc8 79. Rf8+ {[%emt 0:00:08] Black defended with fortune.   Weighted Error Value: White=0.12 (very precise) /Black=0.25 (precise)} 1/2-1/2